 Dungeon Crawl Stone Soup version 0.21.0-24-g2553a33 (webtiles) character file.

142 microfolk the Charmwright (level 5, -11/43 HPs)
             Began as a Gnoll Skald on Jan 20, 2018.
             Killed from afar by Phong's ghost (14 damage)
             ... with a stone arrow
             ... on level 3 of the Dungeon.
             The game lasted 00:07:37 (2223 turns).

microfolk the Charmwright (Gnoll Skald)             Turns: 2223, Time: 00:07:37

Health: -11/43     AC:  5    Str: 15    XL:     5   Next: 24%
Magic:  12/12      EV: 13    Int: 15    God:
Gold:   127        SH:  0    Dex: 14    Spells: 3/14 levels left

rFire    . . .     SeeInvis .   a - +0 spear
rCold    . . .     Gourm    .   (no shield)
rNeg     . . .     Faith    .   s - +0 ring mail (curse)
rPois    .         Spirit   .   (no helmet)
rElec    .         Reflect  .   (no cloak)
rCorr    .         Harm     .   (no gloves)
MR       .....                  (no boots)
Stlth    +.........             (no amulet)
HPRegen  0.14/turn              (no ring)
MPRegen  0.13/turn              (no ring)

@: no status effects
A: distributed training, fangs 1, strong nose
a: no special abilities


You were on level 3 of the Dungeon.
You were not hungry.

You visited 1 branch of the dungeon, and saw 3 of its levels.

You collected 127 gold pieces.

Inventory:

Hand Weapons
 a - a +0 spear (weapon)
Missiles
 e - 3 javelins
 j - 72 stones (quivered)
 t - 16 sling bullets
Armour
 b - a +0 leather armour
 g - a cursed -2 ring mail
 k - a cursed +0 large shield
 s - a cursed +0 ring mail (worn)
 v - a +0 buckler
Jewellery
 f - an uncursed ring of ice {unknown}
Scrolls
 h - a scroll of fear
 i - a scroll of fog {unknown}
 n - a scroll of magic mapping {unknown}
 p - a scroll of enchant armour {unknown}
 q - a scroll of blinking {unknown}
 r - a scroll of enchant weapon {unknown}
 w - 2 scrolls of teleportation {unknown}
 x - a scroll of remove curse {unknown}
Potions
 l - a potion of flight
 m - a potion of curing {unknown}
 o - a potion of invisibility {unknown}
 u - 2 potions of agility
Books
 c - a book of Battle

   Spells                             Type                      Level
   a - Infusion                       Charms                       1
   b - Shroud of Golubria             Charms/Translocation         2
   c - Song of Slaying                Charms                       2
   d - Spectral Weapon                Hexes/Charms                 3
   e - Regeneration                   Charms/Necromancy            3
Comestibles
 d - 3 rations
 z - 5 chunks of flesh


   Skills:
 + Level 4.7 Fighting
 + Level 1.4 Short Blades
 + Level 1.4 Long Blades
 + Level 1.4 Axes
 + Level 1.4 Maces & Flails
 + Level 4.7 Polearms
 + Level 1.4 Staves
 + Level 1.4 Slings
 + Level 1.4 Bows
 + Level 1.4 Crossbows
 + Level 1.4 Throwing
 + Level 2.9 Armour
 + Level 4.7 Dodging
 + Level 1.4 Stealth
 + Level 1.4 Shields
 + Level 1.4 Unarmed Combat
 + Level 5.1 Spellcasting
 + Level 1.1 Conjurations
 + Level 1.1 Hexes
 + Level 5.5 Charms
 + Level 1.1 Summonings
 + Level 1.1 Necromancy
 + Level 1.1 Translocations
 + Level 1.1 Transmutations
 + Level 1.1 Fire Magic
 + Level 1.1 Ice Magic
 + Level 1.1 Air Magic
 + Level 1.1 Earth Magic
 + Level 1.1 Poison Magic
 + Level 1.5 Invocations
 + Level 1.4 Evocations


You had 3 spell levels left.
You knew the following spells:

 Your Spells              Type           Power        Failure   Level  Hunger
a - Infusion              Chrm           ###.         3%          1    None
b - Song of Slaying       Chrm           ###.....     4%          2    ##.....
c - Shroud of Golubria    Chrm/Tloc      ##........   12%         2    ##.....
d - Regeneration          Chrm/Necr      ##........   24%         3    ###....
e - Spectral Weapon       Hex/Chrm       ##......     24%         3    ###....


Dungeon Overview and Level Annotations

Branches:
Dungeon (3/15)

Altars:
Makhleb

Annotations:
D:3 Phong's ghost, amateur OpEE


Innate Abilities, Weirdness & Mutations

Your experience applies equally to all skills.
You have very sharp teeth.
Your uncanny sense of smell can sniff out nearby items.


Message History

The kobold closely misses you.
You hit the kobold but do no damage.
Phong's ghost (amateur Octopode Earth Elementalist) comes into view.
It is wielding a weapon of venom.
You hit the kobold.
You kill the kobold!
Attack whom?
Press: ? - help, Dir - move target cursor, f - Phong's ghost
Aim: Phong's ghost, wielding a weapon of venom You reach to attack!
You hit Phong's ghost.
Phong's ghost is lightly damaged.
Phong's ghost stares at you and mumbles some strange words.
The stone arrow hits you!
You close the door.
Phong's ghost opens the door.
Phong's ghost casts a spell at you. The stone arrow hits you!
Ouch! That really hurt!
* * * LOW HITPOINT WARNING * * *
Phong's ghost stares at you and mumbles some strange words.
The stone arrow hits you!
You die...

............##..#........
#........#.# #..........
#........#.###.#........
#................######.
#.......##.###.### #.
##.......##>###.# #.
#...............# #.
####........######## #.
...........@#### ##
#####..........#
##########W# #.'.#
###.... ##### #### #..##
# #...# ##


You could see Phong's ghost.

Vanquished Creatures
  7 adders
  An ooze (D:3)
  A worm (D:3)
  3 dart slugs
  4 leopard geckos
  2 orcs (D:3)
  5 giant cockroaches
  6 goblins
  5 hobgoblins
  4 jackals (D:1)
  A quokka (D:3)
  2 ball pythons
  3 bats
  4 frilled lizards
  8 kobolds
  3 rats
59 creatures vanquished.

Notes
Turn   | Place    | Note
-------+----------+-------------------------------------------
     0 | D:1      | microfolk the Gnoll Skald began the quest for the Orb.
     0 | D:1      | Reached XP level 1. HP: 20/20 MP: 6/6
   288 | D:1      | Reached XP level 2. HP: 26/26 MP: 7/7
   625 | D:1      | Reached XP level 3. HP: 27/31 MP: 9/9
   634 | D:1      | Reached skill level 5 in Spellcasting
   812 | D:2      | Learned a level 2 spell: Song of Slaying
   815 | D:2      | Learned a level 2 spell: Shroud of Golubria
   819 | D:2      | Learned a level 3 spell: Regeneration
   823 | D:2      | Learned a level 3 spell: Spectral Weapon
   873 | D:2      | Reached skill level 1 in Invocations
   959 | D:2      | Reached skill level 1 in Short Blades
   959 | D:2      | Reached skill level 1 in Long Blades
   959 | D:2      | Reached skill level 1 in Axes
   959 | D:2      | Reached skill level 1 in Maces & Flails
   959 | D:2      | Reached skill level 1 in Staves
   959 | D:2      | Reached skill level 1 in Slings
   959 | D:2      | Reached skill level 1 in Bows
   959 | D:2      | Reached skill level 1 in Crossbows
   959 | D:2      | Reached skill level 1 in Throwing
   959 | D:2      | Reached skill level 1 in Stealth
   959 | D:2      | Reached skill level 1 in Shields
   959 | D:2      | Reached skill level 1 in Unarmed Combat
   959 | D:2      | Reached skill level 1 in Evocations
  1004 | D:2      | Reached XP level 4. HP: 38/38 MP: 11/11
  1610 | D:2      | Found a burning altar of Makhleb.
  1611 | D:2      | Noticed a blizzard demon
  1684 | D:2      | Reached skill level 1 in Conjurations
  1684 | D:2      | Reached skill level 1 in Hexes
  1684 | D:2      | Reached skill level 1 in Summonings
  1684 | D:2      | Reached skill level 1 in Necromancy
  1684 | D:2      | Reached skill level 1 in Translocations
  1684 | D:2      | Reached skill level 1 in Transmutations
  1684 | D:2      | Reached skill level 1 in Fire Magic
  1684 | D:2      | Reached skill level 1 in Ice Magic
  1684 | D:2      | Reached skill level 1 in Air Magic
  1684 | D:2      | Reached skill level 1 in Earth Magic
  1684 | D:2      | Reached skill level 1 in Poison Magic
  1872 | D:3      | Reached XP level 5. HP: 30/43 MP: 12/12
  2218 | D:3      | Noticed Phong's ghost (amateur OpEE)
  2223 | D:3      | Killed from afar by Phong's ghost

Skill      XL: |  1  2  3  4 |
---------------+-------------+-----
Spellcasting   | 5 |  5.1
Invocations    | 1 |  1.5
Short Blades   | 1 |  1.4
Long Blades    | 1 |  1.4
Axes           | 1 |  1.4
Maces & Flails | 1 |  1.4
Staves         | 1 |  1.4
Slings         | 1 |  1.4
Bows           | 1 |  1.4
Crossbows      | 1 |  1.4
Throwing       | 1 |  1.4
Stealth        | 1 |  1.4
Shields        | 1 |  1.4
Unarmed Combat | 1 |  1.4
Evocations     | 1 |  1.4
Conjurations   | 1 |  1.1
Hexes          | 1 |  1.1
Summonings     | 1 |  1.1
Necromancy     | 1 |  1.1
Translocations | 1 |  1.1
Transmutations | 1 |  1.1
Fire Magic     | 1 |  1.1
Ice Magic      | 1 |  1.1
Air Magic      | 1 |  1.1
Earth Magic    | 1 |  1.1
Poison Magic   | 1 |  1.1
Fighting       | |  4.7
Polearms       | |  4.7
Armour         | |  2.9
Dodging        | |  4.7
Charms         | |  5.5

Action                   |  1- 3 |  4- 6 || total
-------------------------+-------+-------++-------
Melee: Spear             |   109 |   153 ||   262
       Bite              |     5 |    16 ||    21
Throw: Stone             |    12 |    57 ||    69
 Cast: Infusion          |     1 |       ||     1
  Use: Scroll            |     1 |     3 ||     4
 Stab: Sleeping          |     1 |     1 ||     2
  Eat: Chunk             |       |     4 ||     4
Armor: Leather armour    |     4 |       ||     4
       Ring mail         |     3 |    26 ||    29
Dodge: Dodged            |    49 |    76 ||   125
